 Dungeon Crawl Stone Soup version 0.29.1-12-g30fa7ad0bf (webtiles) character file.

Game seed: 1502704921147760059

3376 mrblonde90 the Carver (level 9, 0/68 HPs)
             Began as a Demonspawn Gladiator on Dec 20, 2022.
             Was an Elder of Makhleb.
             Killed from afar by an electric eel (14 damage)
             ... with a bolt of electricity
             ... on level 8 of the Dungeon.
             The game lasted 00:25:08 (9718 turns).

mrblonde90 the Carver (Demonspawn Gladiator)        Turns: 9718, Time: 00:25:10

Health: 0/68       AC: 13    Str: 14    XL:     9   Next: 74%
Magic:  9/9        EV:  8    Int:  9    God:    Makhleb [****..]
Gold:   455        SH:  4    Dex: 24    Spells: 8/8 levels left

rFire   . . .      SeeInvis +   s - +2 great sword (spect)
rCold   . . .      Faith    .   (shield currently unavailable)
rNeg    . . .      Spirit   .   g - +0 chain mail
rPois   .          Reflect  .   c - +0 helmet
rElec   .          Harm     .   (no cloak)
rCorr   +          Rampage  .   B - +0 pair of gloves
Will    .....      Rage     3%  n - +0 pair of boots
Stlth   +.........              p - amulet of regeneration
HPRegen 1.01/turn               f - ring of see invisible
MPRegen 0.11/turn               F - ring of resist corrosion

@: lethally poisoned (0 -> 0)
A: hooves 2, thin skeletal structure 2, powered by death 1, condensation shield,
berserk 1
a: Renounce Religion, Minor Destruction, Lesser Servant of Makhleb, Major
Destruction


You were on level 8 of the Dungeon.
You worshipped Makhleb.
Makhleb was greatly pleased with you.
You visited 1 branch of the dungeon, and saw 8 of its levels.
You also visited: Sewer.

You collected 587 gold pieces.
You spent 132 gold pieces at shops.

Inventory:

Hand Weapons
 a - a +0 long sword
 s - a +2 spectral great sword (weapon)
 v - a +3 dagger
Missiles
 d - 3 throwing nets
 e - a javelin
 u - 8 atropa-tipped darts (quivered)
 E - 30 poisoned darts
Armour
 b - a +0 leather armour
 c - a +0 helmet (worn)
 g - a +0 chain mail (worn)
 n - a +0 pair of boots (worn)
 B - a +0 pair of gloves (worn)
Jewellery
 f - a ring of see invisible (left hand)
 p - an amulet of regeneration (around neck)
 F - a ring of resist corrosion (right hand)
 K - a ring of willpower
Wands
 r - a wand of charming (20)
 I - a wand of mindburst (8)
 J - a wand of acid (4)
Scrolls
 i - 3 scrolls of vulnerability
 l - a scroll of amnesia
 q - 2 scrolls of fog
 x - a scroll of blinking
 y - 2 scrolls of summoning
 C - 3 scrolls of teleportation
 H - 2 scrolls of noise
Potions
 h - 2 potions of might
 j - 2 potions of mutation {unknown}
 k - 4 potions of curing
 m - 3 potions of flight
 o - 3 potions of brilliance
 t - 3 potions of haste
 w - a potion of lignification {unknown}
 z - 2 potions of heal wounds
 A - a potion of degeneration {unknown}
 D - a potion of resistance {unknown}
 G - a potion of ambrosia {unknown}


   Skills:
 + Level 5.5 Fighting
 + Level 10.1 Long Blades
 + Level 2.0 Throwing
 + Level 4.9 Armour
 + Level 3.8 Dodging
 + Level 1.7 Stealth
 + Level 2.3 Shields
 + Level 0.1 Invocations
 + Level 0.1 Evocations


You had 8 spell levels left.
You didn't know any spells.
Your spell library contained the following spells:

 Spells                   Type           Power      Damage    Failure   Level
 Apportation              Tloc           0%         N/A       100%        1
 Beastly Appendage        Tmut           0%         N/A       100%        1
 Freeze                   Ice            0%         1d3       100%        1
 Necrotise                Necr           0%         1d4       100%        1
 Shock                    Conj/Air       0%         1d3       100%        1
 Summon Small Mammal      Summ           0%         N/A       100%        1
 Blink                    Tloc           0%         N/A       100%        2
 Wereblood                Tmut           0%         N/A       100%        2
 Frozen Ramparts          Ice            0%         1d1       100%        3
 Gell's Gravitas          Tloc           0%         N/A       100%        3
 Lesser Beckoning         Tloc           0%         N/A       100%        3
 Portal Projectile        Hex/Tloc       0%         N/A       100%        3
 Spider Form              Tmut/Pois      0%         N/A       100%        3
 Swiftness                Air            0%         N/A       100%        3
 Teleport Other           Tloc           0%         N/A       100%        3
 Tukima's Dance           Hex            0%         N/A       100%        3
 Airstrike                Air            0%         2d(0-16)  100%        4
 Hailstorm                Conj/Ice       0%         3d3       100%        4
 Blade Hands              Tmut           0%         N/A       100%        5
 Manifold Assault         Tloc           0%         N/A       100%        5
 Storm Form               Tmut/Air       0%         N/A       100%        7


Dungeon Overview and Level Annotations

Branches:
Dungeon (8/15)             Temple (0/1) D:4           Sewer (visited)
   Lair: D:8-11

Altars:
Cheibriados
Gozag
Hepliaklqana
Makhleb
Okawaru
Sif Muna
Uskayaw
Wu Jian

Shops:
D:3 !*


Innate Abilities, Weirdness & Mutations

You have hoof-like feet.
You have a moderately thin skeletal structure. (Dex +4, Stealth++)
You regenerate a little health from kills.
A meltable shield of frost defends you. (SH +4)
You sometimes lose your temper in combat.


Message History

Makhleb accepts your kill.
Items here: )) [[.
Found a stone staircase leading up.
Found 14 gold pieces.
Found a whip.
You now have 455 gold pieces (gained 14). 2 electric eels come into view.
The electric eel shoots out a bolt of lightning at you!
The bolt of electricity hits you! x2
You hear a shout! x2
A wolf and a kobold come into view.
The kobold shouts!
The electric eel shoots out a bolt of lightning at you!
The bolt of electricity misses you.
The wolf howls!
A hound, a kobold and a kobold brigand come into view.
The kobold brigand is wielding a +0 whip and quivering poisoned darts.
The kobold brigand shouts!
The hound barks!
You hear a shout!
The kobold brigand throws a poisoned dart.
The poisoned dart hits you!
You are poisoned.
A kobold comes into view. It is wielding a +0 short sword.
A kobold brigand comes into view.
It is wielding a +0 club and quivering poisoned darts.
A kobold comes into view. It is wielding a +0 short sword.
The electric eel shoots out a bolt of lightning at you!
The bolt of electricity misses the electric eel.
The bolt of electricity hits you!
You hear an angry hiss.
You feel sick.
The electric eel shoots out a bolt of lightning at you!
The bolt of electricity hits you!
You feel sick.
You feel sick.
The electric eel shoots out a bolt of lightning at you!
The bolt of electricity hits you!
The electric eel shoots out a bolt of lightning at you!
The bolt of electricity hits you!
* * * LOW HITPOINT WARNING * * *
The bolt of electricity hits you!
You die...

...~~~~≈≈≈≈≈≈h~~≈
....~~.~≈≈≈≈≈≈≈~~
..~~~..≈~~≈≈≈≈≈≈K
.....~..S≈≈≈≈≈~.
.........S~~~~K.
#............
##....K..K... ######
##......K..K
......###@#.........
........#.###........
.........## ##.......
...........## #......
.............##
#.....
..............## #...
................## #.
.................#
..................#


You could see a kobold brigand, 2 electric eels and 2 kobolds.

Vanquished Creatures
  A wyvern (D:7)
  A yak (D:5)
  A steam dragon (D:6)
  A water moccasin (D:7)
  2 orc warriors
  A black bear (D:4)
  An ogre (D:6)
  A centaur (D:7)
  4 kobold brigands (Sewer)
  A necrophage (D:5)
  3 bullfrogs (D:7)
  5 scorpions
  A gnoll sergeant (D:7)
  4 wights (D:7)
  6 hounds
  6 orc priests
  3 jellies
  7 iguanas
  8 orc wizards
  16 gnolls
  9 adders
  A river rat (Sewer)
  A shadow imp (D:7)
  A white imp (D:6)
  An ufetubus (D:4)
  5 worms
  10 dart slugs
  34 orcs
  18 ball pythons
  3 bats
  16 endoplasms
  5 giant cockroaches
  6 hobgoblins
  8 jackals
  4 kobolds
  8 quokkas
  3 frilled lizards
  6 goblins
  10 rats
222 creatures vanquished.

Vanquished Creatures (others)
  11 plants (D:4)
11 creatures vanquished.

Grand Total: 233 creatures vanquished

Notes
Turn   | Place    | Note
-------+----------+-------------------------------------------
     0 | D:1      | mrblonde90 the Demonspawn Gladiator began the quest for the
                  | Orb.
     0 | D:1      | Reached XP level 1. HP: 16/16 MP: 1/1
    90 | D:1      | Found a faded altar of an unknown god.
   237 | D:1      | Reached skill level 3 in Long Blades
   237 | D:1      | Gained mutation: A meltable shield of frost defends you.
                  | (SH +4) [demonic ancestry]
   237 | D:1      | Reached XP level 2. HP: 18/22 MP: 2/2
  1654 | D:2      | Reached XP level 3. HP: 27/27 MP: 3/3
  1697 | D:2      | Found a burning altar of Makhleb.
  1718 | D:2      | Became a worshipper of Makhleb the Destroyer
  2000 | D:3      | Reached skill level 1 in Armour
  2163 | D:3      | Reached XP level 4. HP: 10/34 MP: 4/4
  2545 | D:3      | Reached * piety under Makhleb
  2549 | D:3      | Noticed a scorpion
  2556 | D:3      | Killed a scorpion
  2557 | D:3      | Reached skill level 4 in Long Blades
  2557 | D:3      | Gained mutation: You have a somewhat thin skeletal
                  | structure. (Dex +2, Stealth+) [demonic ancestry]
  2557 | D:3      | Reached XP level 5. HP: 35/39 MP: 5/5
  2794 | D:3      | Found an ornate altar of the Wu Jian Council.
  2961 | D:3      | Found Himaluf's Distillery.
  2997 | D:3      | Bought a potion of curing for 36 gold pieces
  2997 | D:3      | Bought a potion of heal wounds for 60 gold pieces
  2997 | D:3      | Bought a potion of curing for 36 gold pieces
  3009 | D:3      | Found an opulent altar of Gozag.
  3013 | D:3      | Found Gozag's Platinum Reserve.
  3561 | D:4      | Gained mutation: You have large cloven feet. [demonic
                  | ancestry]
  3561 | D:4      | Reached XP level 6. HP: 25/47 MP: 6/6
  3754 | D:4      | Found a glowing drain.
  3777 | Sewer    | Entered a sewer
  4087 | Sewer    | Reached skill level 5 in Long Blades
  4272 | Sewer    | Reached ** piety under Makhleb
  4832 | Sewer    | Gained mutation: You regenerate a little health from kills.
                  | [demonic ancestry]
  4832 | Sewer    | Reached XP level 7. HP: 45/52 MP: 7/7
  5211 | Sewer    | Reached skill level 6 in Long Blades
  5211 | Sewer    | Reached skill level 1 in Shields
  5891 | D:4      | Found a staircase to the Ecumenical Temple.
  5994 | D:4      | Found a burning altar of Makhleb.
  6054 | D:4      | Gained mutation: You have a moderately thin skeletal
                  | structure. (Dex +4, Stealth++) [demonic ancestry]
  6054 | D:4      | Reached XP level 8. HP: 60/60 MP: 8/8
  6091 | D:4      | Found a hazy altar of Hepliaklqana.
  6095 | D:4      | Reached *** piety under Makhleb
  6157 | D:4      | Reached skill level 7 in Long Blades
  6256 | D:4      | Found an iron altar of Okawaru.
  6572 | D:5      | Entered Level 5 of the Dungeon
  6752 | D:5      | Reached skill level 1 in Stealth
  6764 | D:5      | Reached skill level 8 in Long Blades
  6859 | D:5      | Found a hide-covered altar of Uskayaw.
  6859 | D:5      | Noticed a +0 short sword
  6859 | D:5      | Noticed a +0 falchion
  6860 | D:5      | Noticed a +0 short sword
  6860 | D:5      | Noticed a +0 dagger
  6861 | D:5      | Noticed a +0 falchion
  6861 | D:5      | Noticed a +0 spear
  6862 | D:5      | Noticed a +0 spear
  6862 | D:5      | Noticed a +0 dagger
  7112 | D:5      | Found a snail-covered altar of Cheibriados.
  7292 | D:6      | Reached skill level 5 in Fighting
  7899 | D:6      | Gained mutation: You have hoof-like feet. [demonic
                  | ancestry]
  7899 | D:6      | Reached XP level 9. HP: 53/68 MP: 9/9
  8168 | D:6      | Reached **** piety under Makhleb
  8825 | D:7      | Reached skill level 9 in Long Blades
  8847 | D:7      | Gained mutation: You sometimes lose your temper in combat.
                  | [a neqoxec]
  8931 | D:7      | Found a shimmering blue altar of Sif Muna.
  9324 | D:7      | Reached skill level 10 in Long Blades
  9718 | D:8      | Killed from afar by an electric eel

Illustrated notes

Levels and vault maps discovered:
D:1:      minmay_arrival_loop, layout_loops_ring, basic_ecumenical_altar,
          minmay_misc_feat_rugged
D:2:      layout_rooms, basic_altar, minmay_heptomino_w4
D:3:      layout_loops_cross, nicolae_gozag_zags_fifth_avenue,
          marbit_many_paths, serial_shops, nicolae_diamond_shop, st_stairs_1
D:4:      wad_woods_settlement, layout_loops_ring, okawaru_altar_gauntlet_db,
          overflow_temple_1_default, mainiacjoe_overflow_six_doors_small,
          minmay_temple_entry_nine_rooms, portal_sewer_entry_f,
          corexii_item_surrounded_by_moat, minmay_joined_circles
D:5:      minmay_chambers_of_fours, layout_basic, nicolae_uskayaw_en_pointe,
          kennysheep_slug_shrine
D:6:      layout_loops_corners
D:7:      layout_loops_ring, led_sif_pool
D:8:      layout_cave_pods, xom_redecorated, erik_lair_island,
          ploomutoo_gammafunk_ghost_potion_laboratory

Skill      XL: |  1  2  3  4  5  6  7  8  9 |
---------------+----------------------------+-----
Long Blades    | 3 4 5 6 8 10 | 10.1
Dodging        | 3 |  3.8
Armour         | 1 2 3 4 |  4.9
Throwing       | 2 |  2.0
Fighting       | 3 4 5 |  5.5
Shields        | 1 2 |  2.3
Stealth        | 1 |  1.7
Invocations    | |  0.1
Evocations     | |  0.1

Action                   |  1- 3 |  4- 6 |  7- 9 || total
-------------------------+-------+-------+-------++-------
Melee: Long sword        |    84 |       |       ||    84
       Punch             |     2 |       |       ||     2
       Great sword       |    68 |   199 |   354 ||   621
Throw: Dart              |     1 |     3 |       ||     4
Invok: Lesser Servant of |       |       |     1 ||     1
Evoke: Wand              |     2 |       |       ||     2
  Use: Scroll            |     6 |     1 |    12 ||    19
       Potion            |       |     1 |     2 ||     3
 Stab: Sleeping          |       |       |     2 ||     2
Armor: Chain mail        |   137 |   139 |   251 ||   527
Dodge: Dodged            |    62 |    80 |   143 ||   285
Block: Other             |    27 |    50 |    63 ||   140
